[Event "GER-ch Youth U18 2019"]
[Site "Willingen"]
[Date "2019.06.15"]
[Round "9.10"]
[White "Ewert, Hannes"]
[Black "Schneider, Jana"]
[Result "1/2-1/2"]
[ECO "E06"]
[WhiteElo "2268"]
[BlackElo "2235"]
[Annotator "ChessBase"]
[PlyCount "92"]
[EventDate "2019.06.07"]
[EventType "swiss"]
[EventRounds "9"]
[EventCountry "GER"]
[SourceTitle "playchess.com"]
[Source "ChessBase"]
[SourceQuality "1"]
[TimeControl "40/5400+30:1800+30"]

1. d4 Nf6 2. c4 e6 3. Nf3 d5 4. g3 Be7 5. Bg2 O-O 6. O-O c6 7. Qc2 b6 8. b3 Bb7 9. Nc3 Na6 10. Rd1 Rc8 11. e4 Re8 12. Bb2 Bf8 13. Rac1 Qe7 14. e5 Nd7 15. cxd5 exd5 16. Qd2 Nc7 17. Nh4 g6 18. f4 Bh6 19. Rc2 Ne6 20. Qf2 Ng7 21. Bh3 Rcd8 22. Re2 Nf8 23. Bc1 f5 24. Be3 Nfe6 25. Rc2 Nh5 26. Nf3 Bf8 27. Rb1 c5 28. Nb5 Qd7 29. Bf1 a6 30. Nd6 Bxd6 31. exd6 cxd4 32. Nxd4 Qxd6 33. Nxe6 Rxe6 34. Bd4 Nf6 35. Rbc1 Rd7 36. Be5 Qe7 37. Bd4 Qd6 38. Bd3 Ng4 39. Qd2 Qe7 40. Rc3 Qe8 41. Rc7 Rde7 42. a4 a5 43. Bb5 Qd8 44. Rxe7 Qxe7 45. h3 Nf6 46. Be5 Ne4 {[%emt 0:01:22] normal} 1/2-1/2

[Event "GER-ch Youth U18 2019"]
[Site "Willingen"]
[Date "2019.06.15"]
[Round "9.11"]
[White "Wendler, David"]
[Black "Wong, Gengchun"]
[Result "1/2-1/2"]
[ECO "B22"]
[WhiteElo "2166"]
[BlackElo "2144"]
[Annotator "ChessBase"]
[PlyCount "48"]
[EventDate "2019.06.07"]
[EventType "swiss"]
[EventRounds "9"]
[EventCountry "GER"]
[SourceTitle "playchess.com"]
[Source "ChessBase"]
[SourceQuality "1"]
[TimeControl "40/5400+30:1800+30"]

1. e4 c5 2. c3 d5 3. exd5 Qxd5 4. d4 Nf6 5. Nf3 Bg4 6. Nbd2 Nc6 7. Bc4 Bxf3 8. Qb3 Na5 9. Qb5+ Qd7 10. Nxf3 Nxc4 11. Qxc4 cxd4 12. Nxd4 e6 13. Bg5 Rc8 14. Qe2 Be7 15. O-O-O Qd5 16. f4 O-O 17. Kb1 Qc4 18. Rhe1 h6 19. Bh4 Nd5 20. Bxe7 Nxe7 21. Qxc4 Rxc4 22. g3 a6 23. Nf3 Rc7 24. Re4 Rfc8 {[%emt 0:00:39] normal} 1/2-1/2

[Event "GER-ch Youth U18 2019"]
[Site "Willingen"]
[Date "2019.06.15"]
[Round "9.13"]
[White "Hinrichs, Niklas"]
[Black "Knoedler, Marcel"]
[Result "1-0"]
[ECO "D35"]
[WhiteElo "2115"]
[BlackElo "1633"]
[Annotator "ChessBase"]
[PlyCount "71"]
[EventDate "2019.06.07"]
[EventType "swiss"]
[EventRounds "9"]
[EventCountry "GER"]
[SourceTitle "playchess.com"]
[Source "ChessBase"]
[SourceQuality "1"]
[TimeControl "40/5400+30:1800+30"]

1. d4 d5 2. c4 e6 3. Nc3 Nf6 4. cxd5 exd5 5. Bg5 Be7 6. e3 O-O 7. Bd3 c6 8. Qc2 Nbd7 9. h3 Re8 10. O-O-O Nf8 11. Nf3 a5 12. Kb1 a4 13. g4 b5 14. Ne2 Qb6 15. Rc1 Bb7 16. Ng3 b4 17. Qd2 Rac8 18. Nf5 c5 19. Nxe7+ Rxe7 20. dxc5 Rxc5 21. Rxc5 Qxc5 22. Bxf6 gxf6 23. Rc1 Qb6 24. Nd4 b3 25. a3 Ne6 26. Bf5 Nxd4 27. exd4 Kg7 28. g5 Ba6 29. Rg1 Kh8 30. Qf4 Qa5 31. Qb8+ Kg7 32. gxf6+ Kxf6 33. Qd6+ Re6 34. Bxe6 Bd3+ 35. Ka1 fxe6 36. Qf8# {normal} 1-0